[Event "Late-Titled-Tuesday-Blitz-October-24-2023"]
[Site "Chess.com"]
[Date "2023.10.24"]
[Round "6"]
[White "emiliochess"]
[Black "leoduarte"]
[Result "1-0"]
[WhiteElo "2316"]
[BlackElo "2393"]
[TimeControl "180+1"]
[EndTime "15:05:09 PDT"]
[Termination "emiliochess won on time"]

1. e4 c5 2. Nf3 e6 3. d4 cxd4 4. Nxd4 Nf6 5. Nc3 Nc6 6. Be3 Bb4 7. f3 d5 8. Bb5 Bd7 9. Bxc6 bxc6 10. e5 Ng8 11. a3 Bxc3+ 12. bxc3 Qh4+ 13. Bf2 Qg5 14. O-O Qxe5 15. Re1 Qf6 16. Qd3 Ne7 17. Rab1 O-O 18. Rb7 Rad8 19. Rxa7 Ng6 20. Nb3 e5 21. a4 Nf4 22.
Qd2 Bh3 23. gxh3 Nxh3+ 24. Kg2 Nf4+ 25. Kh1 Nh3 26. Bg3 e4 27. Qg2 Ng5 28. fxe4 dxe4 29.
Bh4 Rd5 30. Rf1 Qg6 31. Rg1 h6 32. Nd4 Qh5 33. Bg3 Nf3 34. Rf1 Ng5 35. a5 c5 36.
Nf5 Nf3 37. Ne7+ Kh8 38. Nxd5 Rd8 39. Nf4 1-0

[Event "Late-Titled-Tuesday-Blitz-October-24-2023"]
[Site "Chess.com"]
[Date "2023.10.24"]
[Round "6"]
[White "Fandorine"]
[Black "HansOnTwitch"]
[Result "1-0"]
[WhiteElo "2935"]
[BlackElo "3033"]
[TimeControl "180+1"]
[EndTime "15:05:15 PDT"]
[Termination "Fandorine won by checkmate"]

1. e4 e5 2. Nf3 Nc6 3. Bc4 Nf6 4. d3 h6 5. a4 d6 6. a5 a6 7. c3 g5 8. Qb3 Qd7 9. h3 Bg7 10. Nbd2 O-O 11. g4 Ne7 12. h4 c6 13. hxg5 hxg5 14.
Qc2 d5 15. Bb3 Ng6 16. Nxg5 Nxg4 17. Ndf3 Rd8 18. Be3 Qe7 19. O-O-O f6 20. d4 fxg5 21.
exd5 Qe8 22. dxc6+ Kf8 23. Nxg5 Nf6 24. dxe5 Rxd1+ 25. Rxd1 Ng4 26. Bc5+ Ne7 27. Nh7# 1-0

[Event "Late-Titled-Tuesday-Blitz-October-24-2023"]
[Site "Chess.com"]
[Date "2023.10.24"]
[Round "6"]
[White "LiemLe"]
[Black "alexrustemov"]
[Result "1-0"]
[WhiteElo "2971"]
[BlackElo "2796"]
[TimeControl "180+1"]
[EndTime "15:05:16 PDT"]
[Termination "LiemLe won by resignation"]

1. Nf3 d5 2. e3 c6 3. c4 Nf6 4.
Nc3 a6 5. d4 b5 6. b3 Bg4 7. a4 b4 8. Ne2 dxc4 9. bxc4 c5 10. Ne5 Bc8 11. Bb2 e6 12. Ng3 Be7 13. Bd3 O-O 14. Qf3 Ra7 15. Nh5 Bb7 16. Qh3 g6 17.
Nf4 Qc8 18. Rd1 Nc6 19. O-O Nxe5 20. dxe5 Ne4 21. f3 Nc3 22. Bxc3 bxc3 23. Qh6 Rd8 24. Nh5 1-0

[Event "Late-Titled-Tuesday-Blitz-October-24-2023"]
[Site "Chess.com"]
[Date "2023.10.24"]
[Round "6"]
[White "Angry_Twin"]
[Black "GMG"]
[Result "1-0"]
[WhiteElo "2939"]
[BlackElo "2766"]
[TimeControl "180+1"]
[EndTime "15:05:16 PDT"]
[Termination "Angry_Twin won on time"]

1. d4 d5 2. c4 e6 3. Nf3 a6 4. cxd5 exd5 5. Nc3 Nf6 6. Bg5 Be6 7. e3 Bd6 8. Bd3 Nbd7 9. O-O c6 10. Bf4 Qb8 11. Bxd6 Qxd6 12. h3 O-O 13. Qc2 a5 14. Na4 Rfe8 15.
Rac1 Ne4 16. Bxe4 dxe4 17. Nd2 Bd5 18. Nc3 Nf6 19. Nxd5 Qxd5 20. Qb3 Qxb3 21. Nxb3 Nd5 22. Nc5 Re7 23. Na4 f5 24. a3 Kf7 25. Nc3 Rd8 26. Ne2 g5 27. Rc5 Ra8 28. Nc3 Ke6 29. Nxd5 cxd5 30.
Rfc1 a4 31. Rb5 Ra6 32. Rcc5 Rd7 33. Rb4 f4 34. Kf1 f3 35. Rc8 fxg2+ 36. Kxg2 Rc6 37. Rxc6+ bxc6 38. Rxa4 Rg7 39. b4 g4 40. Ra6 gxh3+ 41. Kxh3 Rf7 42. Rxc6+ Kd7 43. Rc2 Kd6 44. b5 1-0

[Event "Late-Titled-Tuesday-Blitz-October-24-2023"]
[Site "Chess.com"]
[Date "2023.10.24"]
[Round "6"]
[White "DanylaBagrov"]
[Black "FedaMaster"]
[Result "1-0"]
[WhiteElo "2578"]
[BlackElo "2651"]
[TimeControl "180+1"]
[EndTime "15:05:16 PDT"]
[Termination "DanylaBagrov won by resignation"]

1. d4 d5 2. c4 c6 3. Nf3 e6 4. Qc2 f6 5. e4 dxe4 6. Qxe4 Bb4+ 7. Bd2 Bxd2+ 8. Nbxd2 Ne7 9. Bd3 e5 10. Qh4 Bf5 11.
Bxf5 Nxf5 12. Qg4 Nxd4 13. Nxd4 Qxd4 14. Qxg7 Rf8 15. Qxb7 Qb6 16. Qxh7 Nd7 17. Qg6+ Ke7 18. O-O Rh8 19. Ne4 Rag8 20. Qf5 Rh6 21. Rad1 Qc7 22. Rd6 Rgg6 23. Qe6+ Kd8 24. Rfd1 Rg7 25. Nxf6 Kc8 26.
Rxd7 Rxd7 27. Rxd7 Qa5 28. Qe8+ 1-0

[Event "Late-Titled-Tuesday-Blitz-October-24-2023"]
[Site "Chess.com"]
[Date "2023.10.24"]
[Round "6"]
[White "Nyzhnyk_Illia"]
[Black "Nf3c5"]
[Result "0-1"]
[WhiteElo "2818"]
[BlackElo "2637"]
[TimeControl "180+1"]
[EndTime "15:05:17 PDT"]
[Termination "Nf3c5 won by resignation"]

1. Nf3 d5 2. g3 c6 3. Bg2 Nf6 4. O-O Bf5 5. d3 e6 6. c4 h6 7.
Nbd2 Nbd7 8. b3 a5 9. a3 Bd6 10. Bb2 O-O 11. Ra2 Qb8 12. Qa1 e5 13. Re1 e4 14.
dxe4 dxe4 15. Nd4 Bg6 16. Nf1 Re8 17. Ne3 Be5 18. Rd1 Nc5 19. Qb1 h5 20. Bc3 h4 21.
Rad2 hxg3 22. hxg3 Bxg3 23. fxg3 Qxg3 24. Ndf5 Bxf5 25.
Bd4 Bh3 26. Bxf6 Qxe3+ 27. Kh2 Bxg2 28. Kxg2 gxf6 29. Qb2 Qg5+ 0-1

[Event "Late-Titled-Tuesday-Blitz-October-24-2023"]
[Site "Chess.com"]
[Date "2023.10.24"]
[Round "6"]
[White "AsselLesbekova"]
[Black "santosalberto1987"]
[Result "1-0"]
[WhiteElo "2307"]
[BlackElo "2420"]
[TimeControl "180+1"]
[EndTime "15:05:18 PDT"]
[Termination "AsselLesbekova won by resignation"]

1. e4 e6 2. d4 d5 3. Nc3 Nf6 4. e5 Nfd7 5. f4 c5 6. Nf3 Nc6 7. Be3 Qb6 8. Na4 Qa5+ 9. c3 b6 10. a3 c4 11. b4 cxb3 12. Qxb3 Ba6 13. Kf2 Be7 14. Bd2 Bxf1 15. Rhxf1 Qa6 16. Nb2 Rc8 17. a4 Na5 18. Qb5 Qb7 19. Nd3 O-O 20. Nb2 a6 21. Qd3 Nc4 22. Nxc4 Rxc4 23. f5 exf5 24. Qxf5 Qc6 25.
Ke2 f6 26. e6 Nb8 27. h4 Re8 28. Kf2 g6 29. Qh3 Qd6 30. h5 gxh5 31. Rae1 Rcc8 32. Qxh5 Kh8 33. Rh1 1-0

[Event "Late-Titled-Tuesday-Blitz-October-24-2023"]
[Site "Chess.com"]
[Date "2023.10.24"]
[Round "6"]
[White "Karacsonyi_Gellert"]
[Black "Bauman_Guy"]
[Result "0-1"]
[WhiteElo "2752"]
[BlackElo "2921"]
[TimeControl "180+1"]
[EndTime "15:05:21 PDT"]
[Termination "Bauman_Guy won by resignation"]

1. e4 c5 2. Nf3 d6 3. d4 Nf6 4.
Nc3 cxd4 5. Nxd4 a6 6. Bc4 e6 7. O-O Be7 8. Bb3 Qc7 9. Qf3 Nc6 10. Nxc6 bxc6 11. Qg3 O-O 12. Kh1 a5 13. Bh6 Ne8 14. f4 Kh8 15. Bg5 f6 16. Bh4 d5 17. exd5 exd5 18. Rae1 Bc5 19. a4 Nd6 20. Qf3 Ba6 21. Bf2 Bxf2 22. Rxf2 Rae8 23. Rd1 Qb6 24. Rfd2 Nf5 25.
Qf2 d4 26. Ne2 c5 27. Ng3 Ne3 28. Rg1 c4 29. Ba2 Qxb2 30. Bb1 Bb7 31. c3 Qxc3 32. Nf1 Nxf1 33. Rxf1 d3 34. Rdd1 Re2 0-1

[Event "Late-Titled-Tuesday-Blitz-October-24-2023"]
[Site "Chess.com"]
[Date "2023.10.24"]
[Round "6"]
[White "Skatchkov_V"]
[Black "NikolaGry"]
[Result "0-1"]
[WhiteElo "2561"]
[BlackElo "2729"]
[TimeControl "180+1"]
[EndTime "15:05:21 PDT"]
[Termination "NikolaGry won on time"]

1. d4 d5 2. c4 Nc6 3. Nf3 Bg4 4. cxd5 Bxf3 5. gxf3 Qxd5 6. e3 e5 7. Nc3 Bb4 8. Bd2 Bxc3 9. bxc3 Qd6 10. Qb3 Rb8 11. f4 exf4 12. e4 Nge7 13. Rg1 O-O 14. Qb5 Ng6 15. Bd3 a6 16. Qg5 Nxd4 17. cxd4 Qxd4 18.
Ke2 Rbd8 19. Bxf4 Qxd3+ 20. Ke1 Qc3+ 21. Ke2 Qd3+ 22. Ke1 Qxe4+ 23. Be3 f5 24. Qg2 Qb4+ 25. Kf1 f4 26. Qd5+ Rxd5 27. Rxg6 fxe3 28. Rxg7+ Kxg7 29. f4 Qxf4+ 30. Kg1 Rg5+ 0-1

[Event "Late-Titled-Tuesday-Blitz-October-24-2023"]
[Site "Chess.com"]
[Date "2023.10.24"]
[Round "6"]
[White "TigrVShlyape"]
[Black "koncheto"]
[Result "1-0"]
[WhiteElo "2843"]
[BlackElo "2569"]
[TimeControl "180+1"]
[EndTime "15:05:29 PDT"]
[Termination "TigrVShlyape won by resignation"]

1. d4 Nf6 2. Bf4 e6 3. e3 c5 4.
c3 d5 5. Nd2 Bd6 6. Bb5+ Nc6 7. Bg3 O-O 8. Ngf3 Qe7 9. Bxc6 bxc6 10.
Qa4 Bxg3 11. hxg3 Bd7 12. Qa3 Rfb8 13. b3 Rb5 14. O-O Qd8 15. dxc5 Ra5 16. Qb4 Rb5 17. Qd4 a5 18. a3 Ne8 19. e4 Nc7 20. b4 f6 21. e5 Rbb8 22. Nb3 a4 23. Nbd2 Nb5 24.
Qe3 f5 25. Nd4 Qe7 26. Nxb5 cxb5 27. Nf3 h6 28. Nd4 Rc8 29. f3 Bc6 30. Kf2 Rc7 31.
Rh1 Rf8 32. Rh4 Kf7 33. Rah1 Ke8 34. Ke1 Kd7 35. f4 Kc8 36. g4 fxg4 37. Rxg4 Qe8 38. g3 Rcf7 39. Rg6 Re7 40. Qd3 Kb7 41. Kd2 Kc7 42. Kc1 Kb7 43. Rf1 Kc7 44. g4 Ref7 45. f5 exf5 46. Rxc6+ 1-0

[Event "Late-Titled-Tuesday-Blitz-October-24-2023"]
[Site "Chess.com"]
[Date "2023.10.24"]
[Round "6"]
[White "Giorno"]
[Black "rikchessmx"]
[Result "0-1"]
[WhiteElo "2530"]
[BlackElo "2286"]
[TimeControl "180+1"]
[EndTime "15:05:29 PDT"]
[Termination "rikchessmx won by resignation"]

1. d4 Nf6 2. c3 b6 3. g4 Bb7 4.
Nf3 Nxg4 5. Rg1 Nf6 6. Nbd2 g6 7. Bg2 Bg7 8. Qc2 d6 9. e4 Nbd7 10. e5 dxe5 11. dxe5 Ng4 12. e6 fxe6 13. Ng5 Bxg2 14. Nxe6 Qc8 15. Nxg7+ Kf7 16. Rxg2 Ndf6 17. Qb3+ Kxg7 18.
Nf1 Ne5 19. Rg3 c5 20. c4 Qe6 21. Be3 Qxc4 22. Qxc4 Nxc4 23. O-O-O Rad8 24. Re1 Nxe3 25. Rgxe3 Nd5 26. Re5 Rhf8 27. R1e2 Rf5 28. R5e4 Rd7 29. Nd2 Kf8 30. f3 Nf4 31. Rxf4 Rxf4 32. Kc2 Rxd2+ 33. Rxd2 Rxf3 34. Rd7 a5 35. Rb7 Rf6 36. Kd3 Kf7 37. Kc4 Rf4+ 38. Kc3 Rf6 39. Kc4 g5 40. Kb5 g4 41. Rxb6 Rxb6+ 42. Kxb6 h5 43. Kxc5 h4 44. Kd4 g3 45. hxg3 h3 46. Kc5 h2 47. Kb5 h1=Q 48. Kxa5 Qa8+ 49. Kb5 Qxa2 50. b4 Qg2 51. Kb6 Qxg3 52.
b5 Qb8+ 0-1

[Event "Late-Titled-Tuesday-Blitz-October-24-2023"]
[Site "Chess.com"]
[Date "2023.10.24"]
[Round "6"]
[White "sari07"]
[Black "TimGrutter03"]
[Result "0-1"]
[WhiteElo "2257"]
[BlackElo "2531"]
[TimeControl "180+1"]
[EndTime "15:05:32 PDT"]
[Termination "TimGrutter03 won by checkmate"]

1. Nf3 a6 2. e4 c5 3. c3 b5 4. d4 e6 5. Be2 Bb7 6. d5 Nf6 7. dxe6 fxe6 8. e5 Nd5 9. Ng5 Be7 10. Nxh7 Rxh7 11. Bd3 d6 12. Bg6+ Kd7 13. Bxh7 dxe5 14. a4 Nc6 15. axb5 axb5 16. Rxa8 Qxa8 17. Na3 b4 18. Nc4 Kc7 19. Be4 bxc3 20. O-O Nd4 21. Nxe5 c2 22. Bxc2 Nb4 23. Bd3 Bxg2 24. Re1 Bh1 25.
f3 Bxf3 26. Qd2 Bd6 27. Nc4 Bh1 28. Be2 Qg2# 0-1

[Event "Late-Titled-Tuesday-Blitz-October-24-2023"]
[Site "Chess.com"]
[Date "2023.10.24"]
[Round "6"]
[White "WindWhistler11"]
[Black "GMJustin"]
[Result "1-0"]
[WhiteElo "2434"]
[BlackElo "2265"]
[TimeControl "180+1"]
[EndTime "15:05:33 PDT"]
[Termination "WindWhistler11 won on time"]

1. Nf3 d5 2. e3 Nf6 3. c4 c5 4. a3 Nc6 5. cxd5 Nxd5 6. Qc2 e5 7. b3 Be7 8. Bb2 Qd6 9. h4 f5 10. d3 Be6 11. Nbd2 b5 12. e4 Nf4 13. g3 Ng6 14. h5 Nf8 15. d4 exd4 16. Bxb5 Nd7 17. exf5 Bd5 18. O-O-O O-O 19. h6 gxh6 20. Bc4 Nde5 21. Ne4 1-0

[Event "Late-Titled-Tuesday-Blitz-October-24-2023"]
[Site "Chess.com"]
[Date "2023.10.24"]
[Round "6"]
[White "giomar27"]
[Black "aghasiyevkamal"]
[Result "0-1"]
[WhiteElo "2377"]
[BlackElo "2590"]
[TimeControl "180+1"]
[EndTime "15:05:34 PDT"]
[Termination "aghasiyevkamal won on time"]

1. e4 e5 2. Nf3 Nc6 3. Nc3 Nf6 4. d4 Bb4 5. Nxe5 O-O 6. Nxc6 dxc6 7. e5 Nd5 8. Bd2 c5 9. Nxd5 Bxd2+ 10. Qxd2 Qxd5 11. c4 Qxd4 12. Qxd4 cxd4 13. O-O-O c5 14. Bd3 f6 15.
exf6 Rxf6 16. f3 Be6 17. Rhe1 Rc8 18. b3 a6 19. Be4 b5 20. Bb7 Rb8 21. Rxe6 Rxb7 22.
Rde1 Kf7 23. Rxf6+ Kxf6 24. cxb5 axb5 25. Re8 Ra7 26. Kb2 Rd7 27. Rc8 Rd5 28. a4 d3 29.
Kc1 bxa4 30. bxa4 Ke5 31. a5 Kd4 32. Rc7 Kc3 33. a6 c4 34. a7 Ra5 0-1

[Event "Late-Titled-Tuesday-Blitz-October-24-2023"]
[Site "Chess.com"]
[Date "2023.10.24"]
[Round "6"]
[White "Chessdreamer2020"]
[Black "effefe"]
[Result "1-0"]
[WhiteElo "2489"]
[BlackElo "2336"]
[TimeControl "180+1"]
[EndTime "15:05:35 PDT"]
[Termination "Chessdreamer2020 won by resignation"]

1. e4 c5 2. Nf3 d6 3. Bb5+ Nd7 4.
a4 Nf6 5. Nc3 a6 6. Be2 g6 7.
O-O Bg7 8. a5 O-O 9. d3 e5 10.
Nd2 Ne8 11. Nc4 f5 12. Nd5 Ndf6 13. Bg5 h6 14. Bxf6 Nxf6 15. Ncb6 Rb8 16. exf5 Bxf5 17. Bf3 g5 18. Re1 Kh8 19. h3 Nxd5 20. Nxd5 Qd7 21.
Be4 Be6 22. Qh5 Qf7 23. Qxf7 Rxf7 24. c4 Rbf8 25. f3 Bxd5 26. Bxd5 Re7 27. Be4 Bf6 28. Rab1 Kg7 29. b4 cxb4 30. Rxb4 Rff7 31. Reb1 Rc7 32. Bxb7 Be7 33. Bd5 Rf6 34. Rb6 Kg6 35. Rxa6 h5 36. Rab6 Ra7 37. a6 Bd8 38. Rb8 Bc7 39. R8b7 Rxb7 40.
Bxb7 Bb8 41. Be4+ Kh6 42. Rxb8 d5 43. a7 Ra6 44. a8=Q Rxa8 45. Rxa8 d4 46. Ra7 1-0

[Event "Late-Titled-Tuesday-Blitz-October-24-2023"]
[Site "Chess.com"]
[Date "2023.10.24"]
[Round "6"]
[White "topin8"]
[Black "IMRosen"]
[Result "0-1"]
[WhiteElo "2453"]
[BlackElo "2626"]
[TimeControl "180+1"]
[EndTime "15:05:36 PDT"]
[Termination "IMRosen won on time"]

1. e4 c5 2. Nf3 e6 3. c3 d5 4. e5 d4 5. d3 Nc6 6. g3 Nge7 7. Bg2 Ng6 8. cxd4 cxd4 9. O-O Ngxe5 10. Nxe5 Nxe5 11.
b4 Be7 12. Re1 Ng6 13. a3 O-O 14. h4 Bf6 15. Nd2 e5 16. Ne4 Be7 17. Qh5 f6 18. f4 Qe8 19. f5 Nh8 20. Qf3 Bd7 21. g4 Bc6 22. Bd2 Nf7 23. Qg3 Qd8 24. Rec1 Rc8 25.
a4 Kh8 26. b5 Bd5 27. Rxc8 Qxc8 28. Rc1 Qd8 29. g5 Bxe4 30. Bxe4 fxg5 31. hxg5 Bxg5 32.
Bxg5 Nxg5 33. Bxb7 Qf6 0-1

[Event "Late-Titled-Tuesday-Blitz-October-24-2023"]
[Site "Chess.com"]
[Date "2023.10.24"]
[Round "6"]
[White "RCone"]
[Black "CraiggoryC"]
[Result "1-0"]
[WhiteElo "2418"]
[BlackElo "2180"]
[TimeControl "180+1"]
[EndTime "15:05:37 PDT"]
[Termination "RCone won by checkmate"]

1. e4 e6 2. d4 d5 3. e5 c5 4. c3 Qb6 5. Nf3 Nc6 6. Bd3 cxd4 7. O-O Bd7 8. Re1 Nge7 9. h4 h6 10. h5 Rc8 11. Nbd2 dxc3 12. bxc3 Na5 13. Rb1 Qd8 14. Nb3 Nxb3 15. Qxb3 Bc6 16. Ba3 Qd7 17. Nd4 Ba4 18.
Qxb7 Qxb7 19. Rxb7 Nc6 20. Bb5 Bxb5 21. Bxf8 Nxd4 22. cxd4 Kxf8 23. Rxb5 Kg8 24. Rb7 Rc4 25. Rxa7 Kh7 26. Rd1 Rb8 27. Rxf7 Rb2 28. Rd3 Rc1+ 29. Kh2 Rcc2 30. Rg3 Rxf2 31. Rfxg7+ Kh8 32. Rg8+ Kh7 33. R3g7# 1-0

[Event "Late-Titled-Tuesday-Blitz-October-24-2023"]
[Site "Chess.com"]
[Date "2023.10.24"]
[Round "6"]
[White "Likvidator228"]
[Black "egnfanclub"]
[Result "0-1"]
[WhiteElo "2574"]
[BlackElo "2384"]
[TimeControl "180+1"]
[EndTime "15:05:39 PDT"]
[Termination "egnfanclub won by resignation"]

1. e4 e5 2. Nf3 Nc6 3. Bb5 a6 4. Ba4 d6 5. d4 b5 6. Bb3 Nxd4 7. Nxd4 exd4 8. Qxd4 c5 9. Qd5 Be6 10. Qc6+ Bd7 11. Bxf7+ Kxf7 12. Qd5+ Be6 13. Qh5+ g6 14. Qf3+ Kg7 15. O-O Nf6 16. Bg5 h6 17. Bh4 Be7 18.
Nc3 Nd7 19. Bg3 Rf8 20. Qe3 Ne5 21. b3 Bf6 22. Rad1 Qe7 23. h3 Rad8 24. f4 Nc6 25.
Kh2 Bd4 26. Qd2 b4 27. Nd5 Qf7 28. Bh4 Rde8 29. Ne3 Ne7 30. f5 gxf5 31. Bxe7 Qxe7 32. Nxf5+ Bxf5 33. exf5 Qe2 34. Qc1 Re5 35. Rde1 Qh5 36.
f6+ Rxf6 37. Rxf6 Kxf6 38. Qf4+ Ke6 39. Qf1 Rxe1 40. Qxe1+ Be5+ 41. Kh1 Qg5 42. Qe2 Qc1+ 0-1

[Event "Late-Titled-Tuesday-Blitz-October-24-2023"]
[Site "Chess.com"]
[Date "2023.10.24"]
[Round "6"]
[White "Eloist"]
[Black "Meri-Arabidze"]
[Result "0-1"]
[WhiteElo "2438"]
[BlackElo "2621"]
[TimeControl "180+1"]
[EndTime "15:05:40 PDT"]
[Termination "Meri-Arabidze won by resignation"]

1. e4 d6 2. d4 g6 3. Nc3 Bg7 4. Nf3 Nd7 5. Be2 e5 6. Bg5 Ngf6 7. O-O h6 8. Be3 O-O 9. Re1 c6 10. a4 Re8 11. Bc4 Qe7 12. a5 Ng4 13. Bc1 exd4 14. Ne2 Nde5 15. Nxe5 dxe5 16. h3 Nf6 17. f4 Nxe4 18.
fxe5 Qc5 19. Bd3 Rxe5 20. Bf4 Re6 21. b4 Qxb4 22. Rb1 Qc5 23. Ng3 Nxg3 24. Bxg3 Qxa5 25. Rxe6 Bxe6 26. Rxb7 Bd5 27. Qb1 Kh7 28. Rb8 Qd2 29. Bf1 Rxb8 30. Qxb8 a5 31. Qa7 Qb4 32. Qc7 a4 33. Be5 Bxe5 34. Qxe5 a3 35. h4 h5 0-1

[Event "Late-Titled-Tuesday-Blitz-October-24-2023"]
[Site "Chess.com"]
[Date "2023.10.24"]
[Round "6"]
[White "ElCoachRene"]
[Black "talaicito"]
[Result "0-1"]
[WhiteElo "2022"]
[BlackElo "2228"]
[TimeControl "180+1"]
[EndTime "15:05:41 PDT"]
[Termination "talaicito won on time"]

1. Nf3 b6 2. d4 Bb7 3. Bf4 g6 4. e3 Bg7 5. Nbd2 e6 6. Bd3 Ne7 7. h4 h6 8. Qe2 d6 9. e4 Nd7 10. e5 d5 11. c3 c5 12. Ba6 Bxa6 13. Qxa6 Qc7 14. a4 O-O 15. Qd3 Nc6 16. h5 cxd4 17. hxg6 fxg6 18. Bxh6 Ndxe5 19. Nxe5 Nxe5 20. Qg3 dxc3 21. bxc3 Bxh6 22. Rxh6 Qg7 23. Rh4 Rac8 24. Kf1 Rf5 25.
Re1 Rcf8 26. Kg1 Rxf2 0-1

[Event "Late-Titled-Tuesday-Blitz-October-24-2023"]
[Site "Chess.com"]
[Date "2023.10.24"]
[Round "6"]
[White "victormago"]
[Black "campochess"]
[Result "1-0"]
[WhiteElo "2421"]
[BlackElo "2219"]
[TimeControl "180+1"]
[EndTime "15:05:44 PDT"]
[Termination "victormago won by resignation"]

1. d4 Nf6 2. c4 g6 3. Nc3 d5 4. cxd5 Nxd5 5. e4 Nxc3 6. bxc3 Bg7 7. Nf3 Bg4 8. Be2 O-O 9. O-O c5 10. Be3 Qa5 11. Qb3 b6 12. h3 Bd7 13. Rac1 Nc6 14.
d5 Nd8 15. c4 Nb7 16. e5 Rab8 17. Bf4 Rbd8 18. Bd3 Qa6 19. Qb1 Na5 20. Rfe1 Qb7 21.
Bd2 Qa6 22. Bg5 Rfe8 23. d6 f6 24. dxe7 fxg5 25. exd8=Q Rxd8 26. e6 Be8 27. Nxg5 Nc6 28. Be4 Nd4 29. Bd5 Rd6 30. Nf7 Be5 31. Nxe5 Qa3 32. e7+ Kg7 33. Qd3 Qxa2 34. Nf3 Qa4 35. Nxd4 cxd4 36. Qxd4+ Kh6 37. Qf4+ 1-0

[Event "Late-Titled-Tuesday-Blitz-October-24-2023"]
[Site "Chess.com"]
[Date "2023.10.24"]
[Round "6"]
[White "aranibos"]
[Black "C_K_G"]
[Result "1-0"]
[WhiteElo "2263"]
[BlackElo "1920"]
[TimeControl "180+1"]
[EndTime "15:05:45 PDT"]
[Termination "aranibos won on time"]

1. e4 c5 2. Nc3 d6 3. a3 e6 4. Bc4 Nf6 5. d3 Nc6 6. Ba2 Be7 7. f4 O-O 8. Nf3 a6 9. O-O b5 10. Kh1 Bb7 11. Qe1 Nd4 12. Nxd4 cxd4 13.
Ne2 e5 14. f5 Ng4 15. Ng3 Bh4 16. Qe2 Nf6 17. Nh5 h6 18. g3 Bg5 19. Bxg5 hxg5 20. Nxf6+ Qxf6 21. c3 dxc3 22. bxc3 Rac8 23. Rac1 Qh6 24.
Qg4 Rc7 25. Rc2 Rfc8 26. Rfc1 a5 27. c4 bxc4 28. dxc4 g6 29. f6 Qh5 30. Qxh5 Bxe4+ 31. Kg1 gxh5 32. Rd2 d5 33. Re1 Kh7 34. cxd5 Bf5 35.
Rxe5 Kg6 36. d6 Rc1+ 37. Kf2 R8c2 38. Ree2 Rxd2 39. Rxd2 Rc2 40. Rxc2 Bxc2 41. d7 1-0

[Event "Late-Titled-Tuesday-Blitz-October-24-2023"]
[Site "Chess.com"]
[Date "2023.10.24"]
[Round "6"]
[White "stasOR4ik"]
[Black "NMJeevanK"]
[Result "1-0"]
[WhiteElo "2403"]
[BlackElo "2578"]
[TimeControl "180+1"]
[EndTime "15:05:49 PDT"]
[Termination "stasOR4ik won by checkmate"]

1. e4 d6 2. c4 e5 3. Nc3 Nf6 4. g3 g6 5. Bg2 Bg7 6. Nge2 O-O 7. O-O Nc6 8. h3 Nd4 9. d3 Ne8 10. f4 f5 11. Be3 c5 12. Nd5 fxe4 13. dxe4 Nc7 14.
Qd2 Nxd5 15. exd5 Bd7 16. fxe5 dxe5 17. Nc3 Bf5 18. Ne4 b6 19. g4 Bxe4 20. Bxe4 Qh4 21.
Kg2 Qe7 22. Bg5 Qd6 23. Rxf8+ Rxf8 24. Rf1 Rxf1 25. Kxf1 h6 26. Be3 Kh7 27. Kg2 a6 28.
h4 Qd7 29. Kg3 h5 30. gxh5 Nf5+ 31. Kh2 Nxh4 32. hxg6+ Kh8 33. Qe2 Bf6 34. Qh5+ Kg8 35. d6 Qxd6 36. Qh7+ Kf8 37. Qf7# 1-0

[Event "Late-Titled-Tuesday-Blitz-October-24-2023"]
[Site "Chess.com"]
[Date "2023.10.24"]
[Round "6"]
[White "nitpicker"]
[Black "HeroRubiksCube"]
[Result "1-0"]
[WhiteElo "2260"]
[BlackElo "2507"]
[TimeControl "180+1"]
[EndTime "15:05:49 PDT"]
[Termination "nitpicker won by checkmate"]

1. d4 d5 2. c4 e5 3. dxe5 d4 4. Nf3 Nc6 5. Nbd2 Nge7 6. a3 Ng6 7. Nb3 Ncxe5 8. Nxe5 Nxe5 9. Nxd4 Bc5 10. e3 O-O 11. Be2 Qg5 12. Kf1 Qg6 13. b4 Be7 14. Bb2 Rd8 15.
Qb1 Qh6 16. Nf5 Bxf5 17. Qxf5 Ng6 18. Bd4 Nh4 19. Qg4 f5 20. Qh3 Qe6 21. Qg3 Ng6 22.
h4 Bf6 23. Rd1 f4 24. Qh3 Qxh3 25. Rxh3 Bxh4 26. Bh5 Bf6 27. Bxf6 Rxd1+ 28. Bxd1 gxf6 29. exf4 Nxf4 30. Rf3 Rd8 31. Bb3 Nh5 32. Rf5 Ng7 33.
c5+ Kh8 34. Rxf6 h6 35. Rxh6# 1-0

[Event "Late-Titled-Tuesday-Blitz-October-24-2023"]
[Site "Chess.com"]
[Date "2023.10.24"]
[Round "6"]
[White "gahryman"]
[Black "MaxLeto"]
[Result "0-1"]
[WhiteElo "2669"]
[BlackElo "2572"]
[TimeControl "180+1"]
[EndTime "15:05:51 PDT"]
[Termination "MaxLeto won on time"]

1. e4 c5 2. Nc3 d6 3. Bc4 e6 4. d3 a6 5. a3 b5 6. Ba2 Bb7 7.
Nge2 Nf6 8. O-O Be7 9. f4 O-O 10.
f5 d5 11. fxe6 fxe6 12. Nf4 Qd7 13. e5 Ne8 14. Qg4 Nc7 15. Bd2 b4 16. axb4 cxb4 17. Nce2 Nc6 18. d4 Rf7 19. c4 dxc4 20. Bxc4 Nxd4 21.
Be3 Nc2 22. Rad1 Qc6 23. Bxe6 Nxe6 24. Nd5 Nxe3 25. Nxe3 Rxf1+ 26. Rxf1 Bc5 0-1

[Event "Late-Titled-Tuesday-Blitz-October-24-2023"]
[Site "Chess.com"]
[Date "2023.10.24"]
[Round "6"]
[White "Cayse"]
[Black "shimastream"]
[Result "1-0"]
[WhiteElo "2892"]
[BlackElo "2971"]
[TimeControl "180+1"]
[EndTime "15:05:52 PDT"]
[Termination "Cayse won by checkmate"]

1. e4 e6 2. d4 d5 3. e5 c5 4. c3 Nc6 5. Nf3 Nge7 6. Na3 Bd7 7.
Be2 Nf5 8. Nc2 cxd4 9. cxd4 Be7 10. O-O h5 11. Bd3 g5 12. Be3 g4 13. Nfe1 Nxe3 14. fxe3 Bg5 15. Qd2 Qe7 16. b4 a6 17.
Rb1 Na7 18. Be2 Ba4 19. Na3 Rc8 20. Kh1 O-O 21. Nd3 Nb5 22. Nxb5 Rc2 23. Qd1 Rxa2 24. Qe1 Bxb5 25. Nf4 Bxf4 26. Bxb5 Bh6 27. Bd3 Qg5 28. Rb3 Kg7 29. Bb1 Ra1 30. Qc3 Ra4 31. g3 a5 32.
Qc2 Rh8 33. bxa5 Rc4 34. Qf2 Rc7 35. Rc3 Re7 36. Qf6+ Kg8 37. Rc8+ Bf8 38. Qxg5# 1-0

[Event "Late-Titled-Tuesday-Blitz-October-24-2023"]
[Site "Chess.com"]
[Date "2023.10.24"]
[Round "6"]
[White "Karttunen"]
[Black "wild3000"]
[Result "0-1"]
[WhiteElo "2577"]
[BlackElo "2408"]
[TimeControl "180+1"]
[EndTime "15:05:57 PDT"]
[Termination "wild3000 won by checkmate"]

1. e4 e5 2. Nf3 Nc6 3. Bc4 Be7 4. c3 d6 5. d4 Nf6 6. Nbd2 O-O 7. Bb3 Bg4 8. d5 Nb8 9. h3 Bxf3 10. Qxf3 c6 11. c4 Nbd7 12. O-O a5 13. Bc2 a4 14. Re1 Qc7 15.
Bd3 Nc5 16. Bf1 Ne8 17. Rb1 g6 18. b4 axb3 19. axb3 f5 20. exf5 Rxf5 21. Qg3 cxd5 22. cxd5 Ra2 23. b4 Nd7 24. Qb3 Qc2 25. Qxc2 Rxc2 26. Bd3 Ra2 27. Bxf5 gxf5 28. Rb2 Rxb2 29. Bxb2 Nb6 30. f4 e4 31. g4 Nxd5 32. gxf5 e3 33. Nc4 Bh4 34. Re2 Bf2+ 35. Kf1 Nxf4 36. Rc2 d5 37. Ne5 Bg3 38. Rc8 e2+ 39. Kg1 e1=Q# 0-1

[Event "Late-Titled-Tuesday-Blitz-October-24-2023"]
[Site "Chess.com"]
[Date "2023.10.24"]
[Round "6"]
[White "MajorCoast"]
[Black "ShahxaibKhan"]
[Result "0-1"]
[WhiteElo "2262"]
[BlackElo "2433"]
[TimeControl "180+1"]
[EndTime "15:06:01 PDT"]
[Termination "ShahxaibKhan won by resignation"]

1. d4 Nf6 2. Nf3 e6 3. Bf4 d5 4. e3 Nh5 5. Be5 Nd7 6. Bd3 Nxe5 7. dxe5 g6 8. g4 Ng7 9. h4 h5 10. gxh5 Rxh5 11. Nbd2 c5 12. c4 Bd7 13. Ng5 Be7 14. f4 Qa5 15. Qg4 dxc4 16. Nxf7 cxd3 17. Qxg6 Bf8 18. b4 Qxb4 19. Rb1 Qc3 20. Nd6+ Kd8 21. Nxb7+ Kc7 22. Qf7 Rf5 23. Qg6 Be8 24. Qg2 Bc6 25.
Qh2 Bxb7 26. Rxb7+ Kxb7 27. Qg2+ Kb8 28. h5 Qc1+ 29. Kf2 Qxd2+ 30. Kf3 Qxg2+ 31. Kxg2 Rxh5 32. Rb1+ Kc7 0-1